 Dungeon Crawl Stone Soup version 0.24-a0-584-g9d6b971ae4 (webtiles) character file.

Game seed: 14620325885787638196, levelgen mode: deterministic

631699 Ge0ff the Earth Mage (level 27, -11/253 HPs)
             Began as a Formicid Earth Elementalist on Aug 30, 2019.
             Was a Priest of Cheibriados.
             Killed from afar by an orb of fire (20 damage)
             ... with a bolt of fire
             ... on level 5 of the Realm of Zot.
             The game lasted 06:07:33 (99146 turns).

Ge0ff the Earth Mage (Formicid Earth Elementalist) Turns: 99146, Time: 06:07:34

Health: -11/253    AC: 37    Str: 20 (21) XL:     27
Magic:  28/50      EV: 18    Int: 37      God:    Cheibriados [***...]
Gold:   266        SH: 28    Dex: 14 (15) Spells: 2/61 levels left

rFire    + + .     SeeInvis +   a - staff of power {!a}
rCold    + + +     Gourm    .   Y - +0 large shield
rNeg     + + .     Faith    .   (armour currently unavailable)
rPois    ∞         Spirit   .   (helmet unavailable)
rElec    +         Reflect  +   M - +4 cloak of the Unbroken {rElec rC+ Str-2}
rCorr    +         Harm     .   (gloves currently unavailable)
MR       ++++.                  (boots currently unavailable)
Stlth    +++++.....             P - brooch of Shielding {Reflect SH+8}
HPRegen  0.00/turn              f - ring "Vivig" {rF+ rN+ Slay+2 SInv, =R}
MPRegen  0.32/turn              T - ring of the Mage {Wiz MR++ Int+3}

@: statue-form, resistant, marked, very slightly contaminated, invisible, very
slow
A: permanent stasis, dig shafts and tunnels, four strong arms, antennae 3,
blurry vision 3, clumsy 2, cold resistance 1, deterioration 2, frail 1, low mp
2, screaming 3, inhibited regeneration, no potion heal 1, subdued magic 1
}: 3/15 runes: serpentine, barnacled, silver
a: Dig, Shaft Self, End Transformation, Bend Time, Temporal Distortion, Renounce
Religion


You were on level 5 of the Realm of Zot.
You worshipped Cheibriados.
Cheibriados was most pleased with you.
You were not hungry.
You were a stone statue.
You visited 11 branches of the dungeon, and saw 53 of its levels.
You also visited: Gauntlet and Ice Cave.

You collected 8488 gold pieces.
You spent 8222 gold pieces at shops.

Inventory:

Hand Weapons
 b - a +6 vampiric scimitar
 h - the +8 quarterstaff of Okott {protect, rF+ rC+}
   (You found it on level 3 of the Crypt)

   It grants its wielder temporary protection when it strikes (+7 to AC).
   It protects you from fire.
   It protects you from cold.
Missiles
 J - 7 throwing nets {!f}
 L - 1936 arrows (quivered)
Armour
 w - +2 fire dragon scales
 G - a +2 pair of gloves of strength (melded)
 H - a +4 troll leather armour (melded)
 M - the +4 cloak of the Unbroken (worn) {rElec rC+ Str-2}
   (You found it in a Gauntlet)

   It affects your strength (-2).
   It protects you from cold.
   It insulates you from electricity.
 Q - a +1 pair of boots (melded)
 Y - a +0 large shield (worn)
Magical Staves
 a - an uncursed staff of power (weapon) {!a}
 x - an uncursed staff of earth
 Z - an uncursed staff of energy
Jewellery
 f - the ring "Vivig" (left hand) {rF+ rN+ Slay+2 SInv, =R}
   (You took it off a wight on level 3 of the Crypt)

   [ring of positive energy]

   It affects your accuracy and damage with ranged weapons and melee attacks
   (+2).
   It protects you from fire.
   It protects you from negative energy.
   It lets you see invisible.
 A - an uncursed ring of resist corrosion
 P - the brooch of Shielding (around neck) {Reflect SH+8}
   (You bought it in a shop on level 2 of the Elven Halls)

   [amulet of reflection]

   It shields you and reflects attacks.
   It affects your SH (+8).
 T - the ring of the Mage (right hand) {Wiz MR++ Int+3}
   (You bought it in a shop on level 2 of the Elven Halls)

   [ring of wizardry]

   It improves your spell success rate.
   It affects your intelligence (+3).
   It affects your resistance to hostile enchantments.
Wands
 c - a wand of clouds (6)
 e - a wand of enslavement (3)
 j - a wand of acid (26)
 k - a wand of iceblast (32)
 p - a wand of paralysis (47)
 s - a wand of disintegration (38)
 t - a wand of scattershot (3)
Scrolls
 d - 5 scrolls of amnesia
 i - 6 scrolls of identify
 u - 4 scrolls of holy word
 y - 3 scrolls of immolation
 C - 22 scrolls of remove curse
 E - 7 scrolls of fear
 F - 3 scrolls of fog
 S - 3 scrolls of summoning
 V - 4 scrolls of vulnerability
Potions
 o - a potion of ambrosia
 q - 16 potions of curing
 v - 8 potions of mutation
 z - 4 potions of brilliance
 B - 4 potions of agility
 I - 2 potions of invisibility
 K - 2 potions of magic {!q}
 N - 4 potions of cancellation {!q}
 R - a potion of resistance
 W - 8 potions of heal wounds {!q}
 X - 11 potions of flight
Miscellaneous
 g - a fan of gales
 n - a phial of floods
 D - 3 sacks of spiders
 O - 4 boxes of beasts
 U - 4 phantom mirrors
Comestibles
 m - 2 chunks of flesh
 r - 58 rations


   Skills:
 - Level 18.0 Fighting
 - Level 10.0 Armour
 - Level 10.0 Dodging
 + Level 10.8 Stealth
 - Level 15.0 Shields
 + Level 17.6 Spellcasting
 + Level 13.4 Conjurations
 - Level 9.0 Hexes
 - Level 10.0 Charms
 + Level 13.5 Summonings
 - Level 10.0 Necromancy
 + Level 11.7 Translocations
 - Level 10.0 Transmutations
   Level 5.0 Fire Magic
 - Level 9.0 Air Magic
 + Level 20.7 Earth Magic
 - Level 15.0 Invocations
 + Level 16.0 Evocations


You had 2 spell levels left.
You knew the following spells:

 Your Spells              Type           Power        Failure   Level  Hunger
b - Statue Form           Tmut/Erth      #######..    1%          6    None
d - Deflect Missiles      Chrm/Air       ######....   1%          6    None
g - Apportation           Tloc           ######       0%          1    None
h - Lee's Rapid Deconstr  Erth           #######...   0%          5    None
k - Iron Shot             Conj/Erth      #######...   1%          6    None
l - Summon Lightning Spi  Summ/Air       ######..     1%          4    None
m - Borgnjor's Vile Clut  Necr/Erth      #######...   0%          5    None
n - Bolt of Draining      Conj/Necr      #######...   1%          5    None
s - Sticks to Snakes      Tmut           ######..     0%          2    None
v - Summon Mana Viper     Hex/Summ       ######..     1%          5    None
w - Passwall              Tmut/Erth      #######.     0%          2    None
y - Yara's Violent Unrav  Hex/Tmut       ######....   1%          5    None
M - Malign Gateway        Summ/Tloc      #######...   1%          7    ##.....

Your spell library contained the following spells:

 Spells                   Type           Power        Failure   Level  Hunger
 Beastly Appendage        Tmut           ######       0%          1    None
 Corona                   Hex            ######.      0%          1    None
 Flame Tongue             Conj/Fire      #####        0%          1    None
 Infusion                 Chrm           ####         0%          1    None
 Sandblast                Erth           ######       0%          1    None
 Summon Butterflies       Summ           #######.     0%          1    None
 Summon Small Mammal      Summ           ####         0%          1    None
 Call Imp                 Summ           #######.     0%          2    None
 Corpse Rot               Necr           N/A          0%          2    None
 Searing Ray              Conj           ######       0%          2    None
 Shroud of Golubria       Chrm/Tloc      ######       0%          2    None
 Song of Slaying          Chrm           ######..     0%          2    None
 Sublimation of Blood     Necr           ######....   0%          2    None
 Throw Flame              Conj/Fire      ######       0%          2    None
 Freeze                   Ice            ####         1%          1    None
 Ensorcelled Hibernation  Hex/Ice        ######       1%          2    None
 Poisonous Vapours        Pois/Air       ######       1%          2    None
 Throw Frost              Conj/Ice       ######       1%          2    None
 Call Canine Familiar     Summ           #######.     0%          3    None
 Dazzling Spray           Conj/Hex       ######       0%          3    None
 Gell's Gravitas          Tloc           #######...   0%          3    None
 Lesser Beckoning         Tloc           #######...   0%          3    None
 Regeneration             Chrm/Necr      ######....   0%          3    None
 Static Discharge         Conj/Air       ######..     0%          3    None
 Stone Arrow              Conj/Erth      ######       0%          3    None
 Summon Guardian Golem    Hex/Summ       ######..     0%          3    None
 Teleport Other           Tloc           #######.     0%          3    None
 Vampiric Draining        Necr           ######....   0%          3    None
 Leda's Liquefaction      Hex/Erth       #######...   0%          4    None
 Petrify                  Tmut/Erth      #######.     0%          4    None
 Confuse                  Hex            ######..     1%          3    None
 Conjure Flame            Conj/Fire      ######..     1%          3    None
 Ignite Poison            Fire/Tmut/Pois ######..     1%          3    None
 Inner Flame              Hex/Fire       ######..     1%          3    None
 Mephitic Cloud           Conj/Pois/Air  ######..     1%          3    None
 Ozocubu's Armour         Chrm/Ice       ######..     1%          3    None
 Spectral Weapon          Hex/Chrm       ######..     1%          3    None
 Spider Form              Tmut/Pois      ######....   1%          3    None
 Tukima's Dance           Hex            ######..     1%          3    None
 Animate Dead             Necr           N/A          1%          4    None
 Cause Fear               Hex            ######....   1%          4    None
 Ice Form                 Ice/Tmut       ######..     1%          4    None
 Passage of Golubria      Tloc           N/A          1%          4    None
 Sticky Flame             Conj/Fire      ######..     1%          4    None
 Summon Ice Beast         Ice/Summ       ######..     1%          4    None
 Throw Icicle             Conj/Ice       ######..     1%          4    None
 Agony                    Necr           ######..     1%          5    None
 Alistair's Intoxication  Tmut/Pois      ######..     1%          5    None
 Blade Hands              Tmut           ######....   1%          5    None
 Bolt of Magma            Conj/Fire/Erth #######...   1%          5    None
 Dispel Undead            Necr           ######..     1%          5    None
 Excruciating Wounds      Chrm/Necr      ######....   1%          5    None
 Fireball                 Conj/Fire      ######....   1%          5    None
 Iskenderun's Battlesphe  Conj/Chrm      #######.     1%          5    None
 Lightning Bolt           Conj/Air       ######....   1%          5    None
 Metabolic Englaciation   Hex/Ice        ######....   1%          5    None
 Silence                  Hex/Air        ######....   1%          5    None
 Summon Demon             Summ           #######...   1%          5    None
 Summon Forest            Summ/Tloc      #######...   1%          5    None
 Bolt of Fire             Conj/Fire      ######....   1%          6    None
 Conjure Ball Lightning   Conj/Air       ######....   1%          6    None
 Darkness                 Hex            ######....   1%          6    None
 Hydra Form               Tmut           ######....   1%          6    None
 Invisibility             Hex            ######..     1%          6    None
 Shadow Creatures         Summ           N/A          1%          6    None
 Summon Hydra             Summ           #######...   1%          7    ##.....
 Freezing Cloud           Conj/Ice/Air   ######....   2%          6    None
 Bolt of Cold             Conj/Ice       ######....   3%          6    None
 Dragon Form              Tmut           ######....   4%          7    ##.....
 Simulacrum               Ice/Necr       ######....   7%          6    None
 Shatter                  Erth           #######...   7%          9    ######.
 Ring of Flames           Chrm/Fire      ######....   13%         7    ##.....
 Ozocubu's Refrigeration  Ice            ####......   45%         6    None
 Discord                  Hex            ######....   47%         8    ####...
 Dragon's Call            Summ           #######...   77%         9    ######.
 Ignition                 Fire           ######....   95%         8    ####...
 Tornado                  Air            ######....   100%        9    ######.
 Blink                    Tloc           Unusable     N/A         2    N/A

Dungeon Overview and Level Annotations

Branches:
Dungeon (15/15)            Temple (1/1) D:5            Lair (6/6) D:9
 Shoals (4/4) Lair:4        Snake (4/4) Lair:3        Slime (0/5) Lair:6
    Orc (2/2) D:11            Elf (3/3) Orc:2        Vaults (5/5) D:13
  Crypt (3/3) Vaults:2       Tomb (0/3) Crypt:3      Depths (5/5) D:15
    Zot (5/5) Depths:5      IceCv (visited)         Gauntlet (visited)

Altars:
Ashenzari
Cheibriados
Fedhas
Gozag
Hepliaklqana
Kikubaaqudgha
Makhleb
Nemelex Xobeh
Okawaru
Qazlal
Ru
Sif Muna
Trog
Uskayaw
Vehumet
Wu Jian
Xom
Zin
The Shining One
Beogh
Jiyva

Shops:
D:6 %   D:11 %   Orc:2 :(*[   Elf:2 =}=   Elf:3 %}?   Shoals:2 [   Snake:2 ([!
Vaults:2 [   Vaults:5 [

Portals:
Hell: Depths:1 Depths:2 Depths:3 Depths:4 Depths:5
Abyss: Depths:1 Depths:2 Depths:4 Depths:5
Pandemonium: Depths:1 Depths:3 Depths:4
Ziggurat: Depths:4
Trove: Vaults:1 (give +5 fire dragon scales)

Annotations:
Zot:3 2 transporters, exclusion: obsidian statue


Innate Abilities, Weirdness & Mutations

You cannot be hasted, slowed, berserked, paralysed or teleported.
You can dig through walls and to a lower floor.
Your four strong arms can wield two-handed weapons with a shield.
You have a pair of large antennae on your head. (SInv)
Scrolls take you much longer to read.
You are very clumsy. (Dex -4)
Your flesh is cold resistant. (rC+)
Your body often deteriorates upon taking damage.
You are frail. (-10% HP)
Your magical capacity is very low. (-20% MP)
You frequently scream uncontrollably at your foes.
You do not regenerate when monsters are visible.
Potions are less effective at restoring your health.
Your spells are a little easier to cast, but a little less powerful.


Message History

The orb of fire emits a lurid red light.
The fireball explodes!
The fireball engulfs you!! You resist.
* * * LOW HITPOINT WARNING * * *
The fireball engulfs the orb of fire.
The orb of fire completely resists.
The fireball engulfs the orb of fire.
The orb of fire completely resists.
The orb of fire glows deep purple.
Strange energies course through your body.
You feel less energetic.
The ancient lich disappears!
The orb of fire glows bright magenta.
The fireball explodes!
The fireball engulfs you but does no damage.
The fireball engulfs the orb of fire.
The orb of fire completely resists.
The fireball engulfs the orb of fire.
The orb of fire completely resists.
The orb of fire emits a lurid red light.
The bolt of fire hits you!! You resist.
* * * LOW HITPOINT WARNING * * *
The orb of fire glows bright magenta.
The bolt of fire hits you!! You resist.
You die...

,,,,**#...###########..)###......
,,,*#....#* ##....##.....
,,,,^..#** ###........) ****▓▓**
#▓▓▓▓▓▓▓▓▓ ,,,**** ▓▓▓▓.....
,,,,,,*** ##▓.....^.. ,,,,,,,,**
##.......... ,,,,,,,,,* ▓▓▓▓▓▓▓▓▓
#...........
,,,,,,,,,*▓▓..X*8..▓▓▓...........
,,,,,,,,,▓▓..yD*§.(X▓▓...........
,,,,,,,,y▓....^..*...▓{..........
,,,,,,,y......^0...*...........^.
,,,,,,,,.▓....).)....▓...........
,,,,,,,,,▓▓.........▓▓)..........
,,,,,,,,,*▓▓.......▓▓▓..^..^..^..
,,,,,,,,,* ▓▓▓▓▓▓▓▓▓ ▓...........
,,,,,,,,** ▓▓..........


You could see 4 orbs of fire, a shadow dragon, a tentacled monstrosity, an Orb
Guardian and a moth of wrath.

Vanquished Creatures
  6 ancient liches
  3 orbs of fire (Zot:5)
  A juggernaut (Depths:4)
  Boris (thrice) (Vaults:4 Vaults:5 Depths:5)
  2 Killer Klowns (Zot:5)
  Margery (Crypt:1)
  3 caustic shrikes
  Nikola (Snake:2)
  9 golden dragons
  A bone dragon (Depths:2)
  An electric golem (Zot:5)
  An Ice Fiend (Depths:1)
  14 Orb Guardians (Zot:5)
  10 tentacled monstrosities
  6 liches
  A quicksilver dragon (Depths:4)
  2 deep elf blademasters (Elf:3)
  Asterion (Vaults:3)
  3 titans
  2 death cobs (Zot:1)
  6 ancient champions
  A deep elf master archer (Elf:3)
  An eldritch tentacle (Zot:2)
  3 krakens
  7 sphinxes
  3 tengu reavers
  6 storm dragons
  Roxanne (Elf:1)
  A draconian monk (Depths:5)
  The ghost of mgcat the Warrior, an adept OpBe of Trog (Orc:2)
  6 frost giants
  3 revenants
  2 shadow dragons
  2 draconian scorchers (Zot:1)
  8 nagarajas
  5 fire giants
  Ilsuiw (Shoals:4)
  Donald (Shoals:3)
  The ghost of Laig the Cleaver, a journeyman MiBe of Trog (D:15)
  2 deep elf sorcerers (Elf:3)
  2 iron dragons
  3 draconian knights
  2 ghost moths (Zot:5)
  10 vault wardens
  Aizul (Shoals:1)
  Louise (Snake:4)
  8 ghouls
  4 curse skulls
  A juggernaut zombie (Crypt:2)
  An orc warlord (Orc:2)
  5 deep elf elementalists
  4 draconian stormcallers
  11 ironheart preservers
  A reaper (Crypt:2)
  A war gargoyle (Depths:2)
  2 draconian annihilators (Zot:1)
  3 draconian shifters (Zot:1)
  2 caustic shrike skeletons
  2 entropy weavers
  16 very ugly things
  14 deep elf demonologists
  13 stone giants
  8 vampire knights
  5 green draconians
  5 black draconians
  9 deep elf annihilators
  3 purple draconians
  A minotaur (Gauntlet)
  8 yellow draconians
  8 red draconians
  4 white draconians
  A dire elephant (D:15)
  5 spark wasps
  A minotaur (shapeshifter) (Depths:4)
  11 ettins
  7 eidola
  A blizzard demon (Depths:2)
  A mummy priest (Crypt:3)
  A green death (Gauntlet)
  7 merfolk javelineers
  7 jiangshi
  9 deep elf death magi
  A crystal guardian (Vaults:2)
  4 yaktaur captains
  4 merfolk impalers (Shoals:4)
  14 fire dragons
  30 vault guards
  2 rakshasas
  6 deep elf high priests
  10 great orbs of eyes
  Erolcha (D:10)
  12 hydras
  13 naga warriors
  A juggernaut simulacrum (Depths:2)
  2 merfolk avatars (Shoals:4)
  9 centaur warriors
  2 alligator snapping turtles (Shoals:4)
  16 ice dragons
  A catoblepas (Shoals:4)
  5 anacondas
  10 merfolk aquamancers (Shoals:4)
  36 two-headed ogres
  4 death knights
  22 dancing weapons
  4 deep troll shamans
  10 death yaks
  7 deep troll earth magi
  7 vampire magi
  7 shock serpents
  11 tengu warriors
  13 ogre magi
  3 spriggan berserkers
  A sun demon (Depths:2)
  4 orc high priests
  5 soul eaters
  10 naga sharpshooters
  Sonja (Lair:5)
  25 skeletal warriors
  21 deep elf knights
  7 shadow wraiths
  13 hell knights
  2 sixfirhies (Depths:3)
  A death drake (Gauntlet)
  3 spark wasp zombies
  4 unseen horrors
  6 sea snakes
  14 deep trolls
  A golden dragon zombie (Crypt:3)
  4 naga ritualists
  A kraken simulacrum (Shoals:4)
  4 wizards
  5 glowing orange brains
  7 flayed ghosts
  An obsidian statue (Zot:5)
  A shadow dragon zombie (Depths:3)
  3 mana vipers
  A lindwurm (Lair:6)
  6 phantasmal warriors
  2 lindwurms (shapeshifter)
  8 ironbrand convokers
  16 deep elf archers
  8 necromancers
  55 deep elf magi
  13 harpies
  17 orc knights
  7 cyclopes
  6 wolf spiders
  7 salamanders
  A spectral wolf spider (Gauntlet)
  A tengu skeleton (Depths:3)
  29 ugly things
  17 manticores
  9 orc sorcerers
  2 shadow dragon skeletons
  11 moths of wrath
  4 fauns
  A faun (shapeshifter) (Vaults:3)
  4 elephants (Lair:4)
  6 merfolk sirens
  A frost giant skeleton (Depths:1)
  9 rust devils
  26 black mambas
  4 centaur zombies
  33 naga magi
  15 vault sentinels
  5 water nymphs
  A guardian serpent (Snake:4)
  A spectral centaur (Gauntlet)
  2 molten gargoyles (Lair:6)
  2 torpor snails (Lair:5)
  2 gargoyles (D:11)
  4 ice statues
  A spiny frog (shapeshifter) (Depths:5)
  9 spiny frogs
  A dire elephant skeleton (Crypt:1)
  3 stone giant skeletons
  An elf zombie (Depths:2)
  2 orange demons
  A hellion (Depths:3)
  9 komodo dragons
  2 rime drakes (shapeshifter)
  2 human zombies (Vaults:1)
  13 freezing wraiths
  35 yaktaurs
  3 ice devils (Depths:1)
  4 rime drakes
  A human skeleton (Vaults:1)
  4 kobold demonologists
  A grey draconian skeleton (Crypt:2)
  3 efreet
  A yellow draconian skeleton (Crypt:2)
  A red devil (Depths:2)
  8 guardian mummies (Crypt:3)
  14 trolls
  9 tengu conjurers
  15 polar bears
  5 meliai (D:15)
  A queen bee (D:15)
  A troll (shapeshifter) (Vaults:3)
  An iron troll skeleton (Crypt:2)
  12 merfolk
  A hornet (shapeshifter) (Vaults:2)
  3 wind drakes
  8 hornets
  13 blink frogs
  A blink frog (shapeshifter) (Elf:1)
  9 snapping turtles
  2 meliai zombies
  4 bog bodies
  31 slime creatures
  21 hippogriffs
  A spriggan zombie (Depths:2)
  A dream sheep (shapeshifter) (Depths:3)
  17 flying skulls
  A redback (shapeshifter) (Depths:5)
  82 yaks
  5 redbacks
  3 shadows
  An air elemental (Elf:3)
  15 water elementals
  15 wraiths
  4 hogs (D:8)
  A human (D:8)
  7 wyverns
  A ynoxinul (Depths:3)
  Grum (D:10)
  10 basilisks
  A fire elemental (Elf:3)
  2 hungry ghosts
  2 steam dragons (Lair:6)
  41 nagas
  A vampire mosquito (D:10)
  Edmund (D:4)
  3 wargs
  4 acid dragons
  A floating eye (shapeshifter) (Vaults:4)
  2 soldier ants (D:12)
  7 porcupines
  12 water moccasins
  A hornet zombie (Crypt:1)
  A swamp drake (shapeshifter) (Vaults:5)
  12 hell hounds
  37 orc warriors
  3 phantoms
  An eye of draining (D:9)
  8 ice beasts
  3 necrophages
  An ettin simulacrum (Depths:2)
  2 black bears
  A boggart (Depths:3)
  21 wolves
  27 centaurs
  33 ogres
  11 crocodiles
  7 big kobolds
  An octopode zombie (Crypt:2)
  A rime drake skeleton (Crypt:3)
  16 bullfrogs
  A draconian skeleton (Crypt:2)
  An ogre simulacrum (Vaults:1)
  9 earth elementals
  An elf simulacrum (Vaults:1)
  A yaktaur skeleton (Crypt:3)
  A water moccasin skeleton (Crypt:3)
  2 wyvern skeletons
  A hornet simulacrum (D:15)
  2 scorpions
  11 killer bees
  14 wights
  4 howler monkeys
  10 crimson imps
  5 lava snakes (Lair:6)
  A bullfrog zombie (D:6)
  3 quasits
  5 hounds
  25 orc priests
  A black bear zombie (Crypt:2)
  7 bullfrog skeletons
  9 jellies
  An iron imp (Depths:3)
  4 centaur skeletons
  5 iguanas
  Jessica (D:3)
  A basilisk skeleton (Crypt:1)
  A demonspawn skeleton (Crypt:1)
  36 orc wizards
  11 worker ants
  A porcupine skeleton (Crypt:1)
  A killer bee zombie (D:7)
  A sky beast zombie (Crypt:1)
  A big kobold zombie (Crypt:3)
  A felid zombie (Crypt:2)
  A big kobold skeleton (Crypt:2)
  2 hound zombies
  2 hound skeletons
  A mummy (Crypt:3)
  3 gnolls (D:3)
  2 worker ant zombies
  12 adders
  6 shadow imps
  15 white imps
  An ufetubus (Depths:3)
  2 adder zombies
  An adder skeleton (D:7)
  2 dart slugs
  3 worms
  4 leopard geckos
  101 orcs
  5 bats
  8 giant cockroaches
  8 goblins
  12 hobgoblins
  2 jackals (D:5)
  2 quokkas
  4 ball pythons
  4 frilled lizards
  23 kobolds
  A kobold skeleton (Crypt:3)
  2 quokka skeletons
  A quokka zombie (D:6)
  9 rats
  2 crawling corpses (Crypt:3)
  3 fungi (Lair:6)
  15 plants
  2 tentacles (Shoals:4)
2213 creatures vanquished.

Vanquished Creatures (collateral kills)
  An ancient lich (Zot:5)
  An orb of fire (Zot:5)
  Bai Suzhen (Shoals:4)
  A Killer Klown (Zot:5)
  A caustic shrike (Depths:2)
  Rupert (Lair:5)
  3 tentacled monstrosities
  4 liches
  10 Orb Guardians (Zot:5)
  3 titans
  A quicksilver dragon (Depths:2)
  3 sphinxes
  A tengu reaver (Depths:2)
  Gastronok (Lair:3)
  A death cob (Zot:5)
  4 storm dragons
  3 fire giants
  5 shadow dragons
  2 iron dragons (Vaults:5)
  5 vault wardens (Vaults:5)
  3 frost giants
  2 balrugs
  A war gargoyle (Vaults:5)
  2 draconian annihilators (Zot:5)
  2 ironheart preservers
  11 very ugly things
  A vampire knight (Depths:3)
  A stone giant (Vaults:5)
  A green draconian (Zot:5)
  2 deep elf demonologists
  A yellow draconian (Zot:5)
  3 spark wasps (Depths:2)
  2 red draconians (Zot:5)
  2 purple draconians (Zot:5)
  An ettin (Vaults:5)
  Josephine (Lair:5)
  2 merfolk impalers
  A fire dragon (Depths:3)
  8 yaktaur captains
  An ogre mage (Depths:3)
  2 great orbs of eyes
  A deep elf high priest (Depths:2)
  2 ice dragons
  A spriggan air mage (Depths:2)
  A centaur warrior (Vaults:1)
  8 two-headed ogres
  3 deep troll shamans
  2 deep troll earth magi
  8 tengu warriors (Depths:2)
  A soul eater (Depths:2)
  4 sun demons
  3 spriggan berserkers (Depths:2)
  A hell knight (Depths:5)
  2 skeletal warriors (Depths:2)
  An iron troll (Depths:5)
  An unseen horror (shapeshifter) (Vaults:5)
  2 glowing orange brains
  5 deep trolls
  A flayed ghost (Vaults:5)
  An ironbrand convoker (Vaults:5)
  A necromancer (Depths:1)
  An orc knight (Vaults:4)
  A phantasmal warrior (Depths:5)
  3 wizards
  10 ugly things
  An orc sorcerer (Vaults:2)
  A shadow dragon skeleton (Vaults:5)
  5 deep elf magi
  6 slime creatures
  A manticore (Shoals:3)
  An elephant (Lair:4)
  An ice statue (Depths:2)
  A vault sentinel (Vaults:5)
  2 efreet (Depths:2)
  2 freezing wraiths
  An ice devil (Depths:2)
  7 yaktaurs
  2 red devils (Depths:2)
  4 tengu conjurers
  A troll (Orc:1)
  A polar bear (Depths:1)
  A tyrant leech (shapeshifter) (Vaults:5)
  A sphinx simulacrum (Vaults:5)
  A flying skull (Depths:2)
  An ice dragon skeleton (Depths:1)
  2 shadows (Depths:2)
  A water elemental (Depths:5)
  A yak (Lair:5)
  A basilisk (Lair:5)
  A warg (Vaults:2)
  3 ice beasts (Depths:1)
  3 orc warriors
  An elf zombie (Vaults:5)
  5 ogres
  A bullfrog (D:7)
  3 orc priests
  A gnoll (D:3)
  6 orcs
  A fungus (Lair:5)
237 creatures vanquished.

Vanquished Creatures (others)
  Polyphemus (Shoals:4)
  A deep elf master archer (Elf:3)
  A death cob (Zot:2)
  85 eldritch tentacles
  4 stone giants
  A red draconian (Zot:5)
  An ettin (Vaults:5)
  3 yaktaur captains
  A naga warrior (Snake:4)
  5 centaur warriors
  2 tengu warriors
  3 naga sharpshooters
  2 quicksilver dragon simulacra (Depths:2)
  2 deep elf archers
  A wolf spider (Vaults:5)
  3 cyclopes
  A frost giant zombie (Depths:1)
  15 yaktaurs
  A merfolk (Shoals:4)
  A floating eye (Depths:2)
  A bullfrog (D:7)
  4 ettin simulacra (Depths:2)
  4 centaurs
  An orc priest (D:4)
  A centaur simulacrum (D:11)
  A tengu zombie (Crypt:1)
  An orc (D:3)
  3 kobolds (D:15)
  19 fungi
  26 plants
  32 tentacles
227 creatures vanquished.

Grand Total: 2677 creatures vanquished

Notes
Turn   | Place    | Note
-------+----------+-------------------------------------------
     0 | D:1      | Ge0ff the Formicid Earth Elementalist began the quest for
                  | the Orb.
     0 | D:1      | Reached XP level 1. HP: 13/13 MP: 3/3
   113 | D:1      | Reached XP level 2. HP: 19/20 MP: 5/5
   174 | D:1      | Reached skill level 1 in Fighting
   323 | D:1      | Reached skill level 4 in Earth Magic
   422 | D:1      | Reached XP level 3. HP: 26/26 MP: 4/6
   448 | D:1      | Learned a level 3 spell: Stone Arrow
  1093 | D:2      | You fall into a shaft and drop 1 floor!
  1093 | D:3      | Noticed a water moccasin
  1105 | D:3      | Killed a water moccasin
  1105 | D:3      | Reached XP level 4. HP: 27/33 MP: 2/8
  1105 | D:3      | Reached XP level 5. HP: 31/38 MP: 2/9
  1146 | D:3      | Noticed Jessica
  1150 | D:3      | Killed Jessica
  1150 | D:3      | Reached skill level 5 in Earth Magic
  1424 | D:3      | Reached XP level 6. HP: 43/44 MP: 10/10
  1491 | D:3      | Learned a level 2 spell: Passwall
  1645 | D:2      | Found a bloodstained altar of Trog.
  2894 | D:3      | Reached skill level 1 in Conjurations
  3940 | D:3      | Found a blossoming altar of Fedhas.
  4219 | D:4      | Learned a level 4 spell: Petrify
  4244 | D:4      | Noticed Edmund
  4353 | D:4      | Reached XP level 7. HP: 51/51 MP: 5/12
  4740 | D:4      | Identified the Tome of Moulding and Summoning
  4759 | D:4      | Learned a level 2 spell: Sticks to Snakes
  5090 | D:4      | Killed Edmund
  5090 | D:4      | Reached skill level 1 in Shields
  5358 | D:5      | Entered Level 5 of the Dungeon
  5452 | D:5      | Found an opulent altar of Gozag.
  5505 | D:5      | Reached XP level 8. HP: 58/58 MP: 7/14
  5672 | D:5      | Found a staircase to the Ecumenical Temple.
  5753 | D:5      | Reached skill level 6 in Earth Magic
  6551 | Temple   | Entered the Ecumenical Temple
  6594 | Temple   | Became a worshipper of Cheibriados the Contemplative
  6830 | D:6      | Found Onalaox's Food Shop.
  7226 | D:6      | Found an ancient bone altar of Kikubaaqudgha.
  7226 | D:6      | Found a hide-covered altar of Uskayaw.
  7565 | D:7      | Reached * piety under Cheibriados
  7565 | D:7      | Reached XP level 9. HP: 66/66 MP: 16/16
  7628 | D:7      | Was placed under penance by Cheibriados
  7637 | D:7      | Was forgiven by Cheibriados
  7686 | D:7      | Was placed under penance by Cheibriados
  7702 | D:7      | Reached skill level 5 in Spellcasting
  7814 | D:7      | Was forgiven by Cheibriados
  7893 | D:7      | Noticed a hippogriff
  7923 | D:7      | Killed a hippogriff
  7923 | D:7      | Reached skill level 7 in Earth Magic
  7984 | D:7      | Reached skill level 5 in Fighting
  8249 | D:7      | Found an opulent altar of Gozag.
  8559 | D:8      | Reached skill level 1 in Evocations
  8709 | D:8      | Found a bloodstained altar of Trog.
  8766 | D:8      | Noticed a hippogriff
  8779 | D:8      | Noticed a two-headed ogre
  8792 | D:8      | Killed a hippogriff
  8792 | D:8      | Reached skill level 5 in Transmutations
  8858 | D:8      | Killed a two-headed ogre
  8858 | D:8      | Reached skill level 5 in Stealth
  8858 | D:8      | Reached XP level 10. HP: 73/73 MP: 0/19
  9219 | D:8      | Reached skill level 8 in Earth Magic
  9774 | D:8      | Reached skill level 5 in Conjurations
  9929 | D:9      | Reached ** piety under Cheibriados
 10261 | D:9      | Noticed a two-headed ogre
 10277 | D:9      | Killed a two-headed ogre
 10373 | D:9      | Reached XP level 11. HP: 75/80 MP: 17/21
 10477 | D:9      | Reached skill level 5 in Shields
 10477 | D:9      | Reached skill level 9 in Earth Magic
 11311 | D:9      | Found a staircase to the Lair.
 11462 | D:10     | Entered Level 10 of the Dungeon
 11794 | D:10     | Reached *** piety under Cheibriados
 12177 | D:10     | Noticed Grum
 12201 | D:10     | Killed Grum
 12203 | D:10     | Reached skill level 10 in Earth Magic
 12541 | D:10     | Noticed an unseen horror
 12561 | D:10     | Killed an unseen horror
 12612 | D:10     | Reached skill level 1 in Invocations
 12617 | D:10     | Noticed a centaur warrior
 12831 | D:10     | Noticed Erolcha
 12835 | D:10     | Killed Erolcha
 13030 | D:10     | Learned a level 5 spell: Lee's Rapid Deconstruction
 13175 | D:10     | Killed a centaur warrior
 13327 | D:10     | Reached XP level 12. HP: 88/88 MP: 6/23
 13342 | D:10     | Reached **** piety under Cheibriados
 13342 | D:10     | Reached skill level 1 in Armour
 13769 | D:10     | Identified a scroll of acquirement
 14531 | D:11     | Noticed a centaur warrior
 14537 | D:11     | Killed a centaur warrior
 14743 | D:11     | Noticed a two-headed ogre
 14748 | D:11     | Killed a two-headed ogre
 15103 | D:11     | Noticed a two-headed ogre
 15114 | D:11     | Killed a two-headed ogre
 15243 | D:10     | Reached skill level 5 in Evocations
 15294 | D:11     | Identified the +6 chain mail "Uhuleng" {rC- MR+++ Int+4
                  | Dex+4}
 15655 | D:11     | Reached ***** piety under Cheibriados
 15989 | D:11     | Noticed a two-headed ogre
 15993 | D:11     | Killed a two-headed ogre
 15993 | D:11     | Reached XP level 13. HP: 95/95 MP: 17/25
 16001 | D:11     | Reached skill level 11 in Earth Magic
 16393 | D:11     | Found Jilete's Food Boutique.
 16590 | D:11     | Found a staircase to the Orcish Mines.
 16880 | Lair:1   | Entered Level 1 of the Lair of Beasts
 18810 | Lair:2   | Noticed a five-headed hydra
 18819 | Lair:2   | Killed a five-headed hydra
 18819 | Lair:2   | Reached skill level 5 in Invocations
 19678 | Lair:3   | Noticed Gastronok
 19685 | Lair:3   | You fall into a shaft and drop 3 floors!
 19685 | Lair:6   | Entered Level 6 of the Lair of Beasts
 19998 | Lair:6   | Reached ****** piety under Cheibriados
 20362 | Lair:6   | Reached skill level 5 in Dodging
 20389 | Lair:6   | Reached XP level 14. HP: 108/108 MP: 14/27
 21232 | Lair:5   | Noticed Sonja
 21771 | Lair:3   | Reached skill level 12 in Earth Magic
 21904 | Lair:3   | Learned a level 5 spell: Borgnjor's Vile Clutch
 21911 | Lair:3   | Learned a level 6 spell: Shadow Creatures
 22329 | Lair:3   | Found a staircase to the Snake Pit.
 22335 | Lair:3   | Killed Gastronok
 22422 | Lair:3   | Reached skill level 1 in Summonings
 22464 | Lair:3   | Reached skill level 1 in Necromancy
 23503 | Lair:4   | Found a staircase to the Shoals.
 23742 | Lair:4   | Reached skill level 5 in Armour
 24013 | Lair:4   | Learned a level 4 spell: Summon Lightning Spire
 24680 | Lair:5   | Reached skill level 10 in Fighting
 24774 | Lair:5   | Noticed Josephine
 24807 | Lair:5   | Killed Josephine
 25055 | Lair:5   | Noticed Rupert
 25112 | Lair:5   | Killed Rupert
 25112 | Lair:5   | Reached skill level 10 in Stealth
 25302 | Lair:5   | Got a smoking rapier
 25303 | Lair:5   | Identified the +1 rapier "Hiamur" {flame, rF+} (You found
                  | it on level 5 of the Lair of Beasts)
 25475 | Lair:5   | Reached XP level 15. HP: 115/115 MP: 11/28
 25476 | Lair:5   | Reached skill level 1 in Air Magic
 26199 | Lair:6   | Found a viscous altar of Jiyva.
 26200 | Lair:6   | Found a staircase to the Slime Pits.
 27224 | Lair:6   | Found a large runed translucent door.
 27225 | Lair:6   | Found a large runed translucent door.
 27981 | Orc:1    | Entered Level 1 of the Orcish Mines
 28943 | Orc:2    | Entered Level 2 of the Orcish Mines
 28961 | Orc:2    | Found a runed translucent door.
 28961 | Orc:2    | Noticed mgcat's ghost (adept OpBe)
 28973 | Orc:2    | Killed mgcat's ghost
 29757 | Orc:2    | Found a staircase to the Elven Halls.
 29975 | Orc:2    | Reached skill level 10 in Spellcasting
 29986 | Orc:2    | Noticed an orc warlord
 29997 | Orc:2    | Killed an orc warlord
 31486 | Orc:2    | Found Fath's General Store.
 31534 | Orc:2    | Found Dumum's Book Boutique.
 31535 | Orc:2    | Found Tithyfuu's Antique Armour Shop.
 31535 | Orc:2    | Found Feseff's Antique Weapon Shop.
 31549 | Orc:2    | Bought a scroll of identify for 30 gold pieces
 32163 | D:12     | Found a frozen archway.
 32212 | IceCv    | Entered an ice cave
 32901 | IceCv    | Noticed a frost giant
 32905 | IceCv    | Reached XP level 16. HP: 94/124 MP: 20/30
 32906 | IceCv    | Killed a frost giant
 33043 | IceCv    | Found the +2 hat of the Bear Spirit {Spirit, +Rage rN+
                  | MR++}
 33059 | IceCv    | Got a bloodstained halberd
 33060 | IceCv    | Identified the +7 halberd of the Enemy {chop, Str+4} (You
                  | found it in an ice cave)
 33755 | D:12     | Reached skill level 13 in Earth Magic
 35098 | D:13     | Found a gate to the Vaults.
 35731 | D:13     | Found a runed translucent door.
 35748 | D:13     | Reached skill level 5 in Summonings
 36241 | D:13     | Found a roughly hewn altar of Beogh.
 36405 | D:14     | Reached skill level 5 in Necromancy
 36454 | D:14     | Found a gate leading to a gauntlet.
 36472 | Gauntlet | Entered a Gauntlet
 36472 | Gauntlet | Found a transporter.
 36475 | Gauntlet | Found a transporter.
 36476 | Gauntlet | Found a transporter.
 36478 | Gauntlet | Found a transporter.
 36480 | Gauntlet | Found a transporter.
 36490 | Gauntlet | Found a transporter.
 36491 | Gauntlet | Found a transporter.
 36494 | Gauntlet | Found a transporter.
 36512 | Gauntlet | Found a transporter.
 36512 | Gauntlet | Found a transporter.
 36516 | Gauntlet | Found a transporter.
 36524 | Gauntlet | Found a transporter.
 36799 | Gauntlet | Got a shimmering cloak
 36810 | Gauntlet | Identified the +4 cloak of the Unbroken {rElec rC+ Str-2}
                  | (You found it in a Gauntlet)
 36840 | Gauntlet | Got a faintly glowing steel amulet
 36841 | Gauntlet | Identified the amulet "Onustay" {Reflect +Fly Str+7 Slay+3
                  | SH+2} (You found it in a Gauntlet)
 36978 | Gauntlet | Identified the +6 scythe of Expedience {flame, rElec rF-
                  | rC+ Str+8}
 37119 | Gauntlet | Identified the Volume of Confrontation and the Compass
 37121 | Gauntlet | Identified the +9 dagger of Starshine {pierce, MP+9} (You
                  | found it in a Gauntlet)
 37131 | Gauntlet | Got a smoking quarterstaff
 37131 | Gauntlet | Got a translucent quarterstaff
 37134 | Gauntlet | Identified the +9 quarterstaff of Benwueg {crush, rC+ Int+3
                  | Dex+4} (You found it in a Gauntlet)
 37135 | Gauntlet | Identified the +8 quarterstaff of Massacring {crush, +Blink
                  | rN+++ Int-2 Dex-2} (You found it in a Gauntlet)
 37163 | D:14     | Got a polished spear
 37164 | D:14     | Identified the +5 spear of Vujed {pierce, rElec rF- Str+4
                  | Int+2} (You found it on level 14 of the Dungeon)
 38323 | D:15     | Entered Level 15 of the Dungeon
 39231 | D:15     | Found an iron altar of Okawaru.
 39473 | D:15     | Reached XP level 17. HP: 126/130 MP: 16/31
 39657 | D:15     | Found a staircase to the Depths.
 39917 | D:15     | Found a transporter.
 39921 | D:15     | Found a transporter.
 39922 | D:15     | Noticed Laig's ghost (journeyman MiBe)
 40386 | D:15     | Killed Laig's ghost
 40766 | Lair:5   | Killed Sonja
 41235 | Lair:4   | Learned a level 5 spell: Yara's Violent Unravelling
 41273 | Snake:1  | Entered Level 1 of the Snake Pit
 41336 | Snake:1  | Found a radiant altar of Vehumet.
 41942 | Snake:1  | Reached skill level 1 in Hexes
 41979 | Snake:1  | You fall into a shaft and drop 1 floor!
 41980 | Snake:2  | Noticed Nikola
 41989 | Snake:2  | Killed Nikola
 42078 | Snake:2  | Found Inaut's Armour Shoppe.
 42184 | Snake:2  | Found Waal Korimes's Distillery.
 42276 | Snake:2  | Bought a potion of agility for 80 gold pieces
 42276 | Snake:2  | Bought a potion of invisibility for 160 gold pieces
 43516 | Snake:2  | Reached skill level 10 in Shields
 43830 | Snake:2  | Found Amurph's Antique Weapon Shoppe.
 45332 | Snake:4  | Entered Level 4 of the Snake Pit
 45664 | Snake:4  | Learned a level 5 spell: Fireball
 45907 | Snake:4  | Reached XP level 18. HP: 138/138 MP: 33/33
 46021 | Snake:4  | Reached skill level 5 in Hexes
 46021 | Snake:4  | Reached skill level 1 in Fire Magic
 46343 | Snake:4  | Reached skill level 5 in Air Magic
 46489 | Snake:4  | Found a shimmering blue altar of Sif Muna.
 46826 | Snake:4  | Noticed Louise
 46838 | Snake:4  | Killed Louise
 46848 | Snake:4  | Reached skill level 14 in Earth Magic
 47350 | Snake:4  | Reached skill level 10 in Invocations
 48407 | Snake:4  | Got a serpentine rune of Zot
 48717 | Shoals:1 | Entered Level 1 of the Shoals
 48965 | Shoals:1 | Noticed Aizul
 48972 | Shoals:1 | Killed Aizul
 49203 | Orc:2    | Bought a pair of runed boots for 232 gold pieces
 49203 | Orc:2    | Bought a heavily jewelled robe for 176 gold pieces
 49203 | Orc:2    | Identified the cursed +1 robe of New Discoveries {rPois
                  | Stlth+} (You bought it in a shop on level 2 of the Orcish
                  | Mines)
 49221 | Orc:2    | Identified a +2 pair of boots of running (You bought it in
                  | a shop on level 2 of the Orcish Mines)
 50243 | Shoals:2 | Found Umasty's Armour Boutique.
 50318 | Shoals:2 | Reached XP level 19. HP: 138/145 MP: 12/34
 51895 | Shoals:3 | Noticed Donald
 51907 | Shoals:3 | Killed Donald
 52226 | Shoals:4 | Entered Level 4 of the Shoals
 52226 | Shoals:4 | Noticed Bai Suzhen
 52253 | Shoals:4 | Noticed Polyphemus
 52410 | Shoals:4 | Noticed Ilsuiw
 52688 | Shoals:4 | Killed Polyphemus
 52792 | Shoals:4 | Reached skill level 5 in Fire Magic
 53044 | Shoals:4 | Killed Ilsuiw
 53044 | Shoals:4 | Reached skill level 10 in Transmutations
 53601 | Shoals:4 | Killed Bai Suzhen
 53601 | Shoals:4 | Reached skill level 10 in Evocations
 53684 | Shoals:4 | Learned a level 1 spell: Apportation
 54389 | Shoals:4 | Reached skill level 1 in Translocations
 55815 | Shoals:4 | Got a barnacled rune of Zot
 55930 | Shoals:4 | Reached XP level 20. HP: 153/153 MP: 18/36
 56216 | Shoals:4 | Learned a level 6 spell: Deflect Missiles
 56467 | Elf:1    | Entered Level 1 of the Elven Halls
 56585 | Elf:1    | Reached skill level 1 in Charms
 57709 | Elf:1    | Noticed Roxanne
 57713 | Elf:1    | Killed Roxanne
 57713 | Elf:1    | Reached skill level 15 in Earth Magic
 57833 | Elf:1    | Identified Erext's Guide on Companions
 57949 | Elf:1    | You fall into a shaft and drop 1 floor!
 58368 | Elf:2    | Found a huge runed translucent gate.
 58368 | Elf:2    | Found a huge runed translucent gate.
 58368 | Elf:2    | Found a huge runed translucent gate.
 58369 | Elf:2    | Found a huge runed translucent gate.
 58370 | Elf:2    | Found a huge runed translucent gate.
 59828 | Elf:2    | Found Legouh's Gadget Boutique.
 59829 | Elf:2    | Found Seothromn's Jewellery Shoppe.
 59829 | Elf:2    | Found Zifrem's Jewellery Shoppe.
 59839 | Elf:2    | Bought the ring of the Mage {Wiz MR++ Int+3} for 672 gold
                  | pieces
 59839 | Elf:2    | Found the ring of the Mage {Wiz MR++ Int+3}
 59859 | Elf:2    | Bought the brooch of Shielding {Reflect SH+8} for 1700 gold
                  | pieces
 59859 | Elf:2    | Found the brooch of Shielding {Reflect SH+8}
 59874 | Elf:2    | Learned a level 6 spell: Statue Form
 60469 | Elf:3    | Entered Level 3 of the Elven Halls
 60500 | Elf:3    | Reached XP level 21. HP: 124/160 MP: 24/37
 60813 | Elf:3    | Reached skill level 5 in Charms
 61131 | Elf:3    | Found Meergh's Magic Scroll Shop.
 61316 | Elf:3    | Found Laec's Gadget Boutique.
 61855 | Elf:3    | Identified the ring "Eni Geph" {+Blink rC+ MR+}
 61870 | Elf:3    | Identified the ring of Sunlight {rPois MR++ Dex+4}
 62101 | Elf:3    | Identified the +4 quarterstaff of the World {crush, Str+2}
 62333 | Elf:3    | Identified the +1 scale mail of Mirth {+Blink rC+ Str-2
                  | Dex+3}
 62366 | Elf:3    | Found Estasos's Food Emporium.
 62567 | Elf:3    | Identified Xerufex's Disquisition on the Shifting Mountains
 62746 | Elf:3    | Identified the Disquisition on the Ghastly Traveller
 63047 | Elf:3    | Bought a scroll of acquirement for 884 gold pieces
 63062 | Elf:3    | Bought a scroll of enchant armour for 127 gold pieces
 63204 | Vaults:1 | Entered Level 1 of the Vaults
 64453 | Vaults:1 | Found a portal to a secret trove of treasure.
 64919 | Vaults:1 | Reached skill level 5 in Translocations
 64919 | Vaults:1 | Reached XP level 22. HP: 141/169 MP: 20/39
 65626 | Vaults:1 | Learned a level 5 spell: Bolt of Draining
 66975 | Vaults:2 | Reached skill level 16 in Earth Magic
 67169 | Vaults:2 | Found Soecowiz's Armour Emporium.
 67880 | Vaults:2 | Found a staircase to the Crypt.
 68061 | Vaults:3 | Reached skill level 10 in Summonings
 68528 | Vaults:3 | Got a translucent ring mail
 68530 | Vaults:3 | Identified the +5 ring mail of the Accordion {rN+ Str+4}
                  | (You found it on level 3 of the Vaults)
 69630 | Vaults:3 | Found the +27 Lear's hauberk
 69630 | Vaults:3 | Noticed Asterion
 69639 | Vaults:3 | Killed Asterion
 70411 | Vaults:4 | Reached XP level 23. HP: 176/176 MP: 13/40
 70452 | Vaults:4 | Learned a level 7 spell: Malign Gateway
 70959 | Vaults:4 | Noticed Boris
 70979 | Vaults:4 | Killed Boris
 72118 | Vaults:4 | Got a translucent longbow
 72321 | Vaults:4 | Identified the -1 pair of gloves "Bouk" {*Drain rElec
                  | Str+2} (You acquired it on level 4 of the Vaults)
 73031 | Crypt:1  | Entered Level 1 of the Crypt
 73772 | Crypt:1  | Noticed Margery
 73949 | Crypt:1  | Reached skill level 10 in Conjurations
 74087 | Crypt:1  | Killed Margery
 74938 | Crypt:2  | Reached XP level 24. HP: 185/185 MP: 20/40
 76690 | Crypt:2  | Reached skill level 17 in Earth Magic
 77074 | Crypt:3  | Entered Level 3 of the Crypt
 77515 | Crypt:3  | Identified the ring "Vivig" {rF+ rN+ Slay+2 SInv}
 77517 | Crypt:3  | Identified the amulet "Emaubl Zits" {-Tele rElec rN+
                  | Regen+}
 78731 | Crypt:3  | Killed an ancient lich
 78732 | Crypt:3  | Killed an ancient lich
 78872 | Crypt:3  | Noticed an ancient lich
 78879 | Crypt:3  | Killed an ancient lich
 79208 | Crypt:3  | Reached skill level 15 in Shields
 79511 | Crypt:3  | Reached XP level 25. HP: 192/192 MP: 7/41
 80028 | Crypt:3  | Found a staircase to the Tomb.
 80146 | Crypt:3  | Identified the ring of Liab {Ice -Tele MR+ Dex+4 SInv} (You
                  | found it on level 3 of the Crypt)
 80150 | Crypt:3  | Identified the amulet of Liakovy {Acrobat rN+} (You found
                  | it on level 3 of the Crypt)
 80165 | Crypt:3  | Got an ivory demon trident
 80166 | Crypt:3  | Identified the +6 demon trident of Hoyf {freeze, Dex+4}
                  | (You found it on level 3 of the Crypt)
 80176 | Crypt:3  | Got a jewelled quarterstaff
 80177 | Crypt:3  | Identified the +8 quarterstaff of Okott {protect, rF+ rC+}
                  | (You found it on level 3 of the Crypt)
 80370 | Vaults:5 | Entered Level 5 of the Vaults
 80559 | Vaults:5 | Identified the cursed +0 morningstar of Responsibility
                  | {venom, rPois MR- Str+4}
 80596 | Vaults:5 | Noticed Boris
 80608 | Vaults:5 | Killed Boris
 80767 | Vaults:5 | Reached skill level 15 in Fighting
 80938 | Vaults:5 | Reached skill level 10 in Charms
 81985 | Vaults:5 | Reached XP level 26. HP: 200/200 MP: 30/41
 82103 | Vaults:5 | Noticed an ancient lich
 82111 | Vaults:5 | Killed an ancient lich
 82739 | Vaults:5 | Found Opteqoxt's Antique Armour Shoppe.
 82806 | Vaults:5 | Got a silver rune of Zot
 83307 | Depths:1 | Entered Level 1 of the Depths
 83309 | Depths:1 | Reached skill level 15 in Spellcasting
 83454 | D:15     | Learned a level 6 spell: Iron Shot
 83474 | D:15     | Reached skill level 18 in Earth Magic
 84150 | Depths:1 | Got a steaming steel ring
 84151 | Depths:1 | Identified the ring "Mopiyg" {*Drain rC+ Str+3 Int+8
                  | Stlth+} (You found it on level 1 of the Depths)
 84353 | Depths:1 | Found a one-way gate to the infinite horrors of the Abyss.
 84368 | Depths:1 | Found a one-way gate leading to the halls of Pandemonium.
 84481 | Depths:1 | Found a gateway to Hell.
 84953 | Vaults:5 | Bought smoking quicksilver dragon scales for 2470 gold
                  | pieces
 84953 | Vaults:5 | Identified the quicksilver dragon scales of Disguise {MR+
                  | rCorr Str+5 Int-5 Slay+2} (You bought it in a shop on level
                  | 5 of the Vaults)
 85207 | Depths:2 | Reached skill level 15 in Invocations
 85524 | Depths:3 | Identified the +2 buckler "Udecleg" {rF+ rC+++ Dex-2 SInv}
 85928 | Depths:4 | Found a gateway to a ziggurat.
 85929 | Depths:4 | Noticed an ancient lich
 86030 | Depths:4 | Killed an ancient lich
 86099 | Depths:4 | Reached skill level 10 in Necromancy
 86336 | Depths:5 | Entered Level 5 of the Depths
 86446 | Depths:5 | Noticed Boris
 86484 | Depths:5 | Killed Boris
 86603 | Depths:5 | Reached XP level 27. HP: 208/208 MP: 24/42
 87425 | Depths:5 | Found a gate to the Realm of Zot.
 87562 | Depths:5 | Reached skill level 10 in Armour
 88800 | Depths:4 | Reached skill level 10 in Translocations
 89085 | Depths:4 | Noticed a juggernaut
 89091 | Depths:4 | Killed a juggernaut
 89106 | Depths:4 | Got a faintly humming chain mail
 89109 | Depths:4 | Got a transparent ring mail
 89698 | Depths:4 | Reached skill level 19 in Earth Magic
 89860 | Depths:4 | Reached skill level 10 in Dodging
 89985 | Depths:4 | Identified the Incunabulum of Moulding and Creation
 93194 | Depths:2 | Found a shattered altar of Ashenzari.
 93260 | Depths:2 | Reached skill level 15 in Evocations
 93379 | Depths:2 | Found a shimmering altar of Xom.
 94257 | Depths:2 | Found a snail-covered altar of Cheibriados.
 94605 | Depths:2 | Learned a level 5 spell: Summon Mana Viper
 94860 | Depths:2 | Found a sacrificial altar of Ru.
 95291 | Orc:2    | Bought a sack of spiders for 300 gold pieces
 95291 | Orc:2    | Bought a phantom mirror for 450 gold pieces
 95291 | Orc:2    | Bought a scroll of holy word for 112 gold pieces
 95291 | Orc:2    | Bought a ration for 75 gold pieces
 95367 | Elf:3    | Bought a scroll of holy word for 127 gold pieces
 95412 | Elf:3    | Bought a wand of acid (6) for 380 gold pieces
 95412 | Elf:3    | Bought a wand of iceblast (9) for 247 gold pieces
 95674 | Zot:1    | Entered Level 1 of the Realm of Zot
 95882 | Zot:1    | Reached skill level 20 in Earth Magic
 97156 | Zot:3    | Found a transporter.
 97160 | Zot:3    | Found a transporter.
 97204 | Zot:5    | Entered Level 5 of the Realm of Zot
 98049 | Zot:5    | Gained mutation: You are weak. (Str -2) [the power of Zot]
 98269 | Zot:5    | Killed an orb of fire
 98332 | Zot:5    | Noticed a Killer Klown
 98338 | Zot:5    | a Killer Klown changed into a titan
 98524 | Zot:5    | Noticed an orb of fire
 98525 | Zot:5    | Noticed an ancient lich
 98526 | Zot:5    | Noticed an orb of fire
 98531 | Zot:5    | Killed an orb of fire
 98531 | Zot:5    | Killed an ancient lich
 98531 | Zot:5    | Gained mutation: You occasionally shout uncontrollably at
                  | your foes. [an orb of fire]
 98532 | Zot:5    | Killed an orb of fire
 98534 | Zot:5    | Killed an ancient lich
 98535 | Zot:5    | Lost mutation: You are weak. (Str -2) [potion of mutation]
 98535 | Zot:5    | Lost mutation: You occasionally shout uncontrollably at
                  | your foes. [potion of mutation]
 98535 | Zot:5    | Gained mutation: Your flesh is cold resistant. (rC+)
                  | [potion of mutation]
 98535 | Zot:5    | Gained mutation: You are agile. (Dex +2) [potion of
                  | mutation]
 98643 | Zot:5    | Killed a Killer Klown
 99016 | Zot:5    | Noticed a Killer Klown
 99020 | Zot:5    | Killed a Killer Klown
 99126 | Zot:5    | Noticed an orb of fire
 99126 | Zot:5    | Gained mutation: Scrolls take you a little longer to read.
                  | [an orb of fire]
 99128 | Zot:5    | Noticed an orb of fire
 99129 | Zot:5    | Noticed an orb of fire
 99130 | Zot:5    | Noticed an orb of fire
 99131 | Zot:5    | Gained mutation: You occasionally shout uncontrollably at
                  | your foes. [an orb of fire]
 99131 | Zot:5    | Noticed a Killer Klown
 99131 | Zot:5    | Gained mutation: Potions are less effective at restoring
                  | your health. [an orb of fire]
 99131 | Zot:5    | Gained mutation: Scrolls take you longer to read. [an orb
                  | of fire]
 99132 | Zot:5    | Lost mutation: You are agile. (Dex +2) [an orb of fire]
 99134 | Zot:5    | Gained mutation: Your mind is acute. (Int +2) [an orb of
                  | fire]
 99136 | Zot:5    | Noticed an ancient lich
 99136 | Zot:5    | Gained mutation: You are weak. (Str -2) [an orb of fire]
 99137 | Zot:5    | Gained mutation: Your body sometimes deteriorates upon
                  | taking damage. [an orb of fire]
 99137 | Zot:5    | Gained mutation: Your magical capacity is low. (-10% MP)
                  | [an orb of fire]
 99137 | Zot:5    | Lost mutation: Your mind is acute. (Int +2) [an orb of
                  | fire]
 99138 | Zot:5    | Gained mutation: Scrolls take you much longer to read. [an
                  | orb of fire]
 99138 | Zot:5    | Gained mutation: You are clumsy. (Dex -2) [an orb of fire]
 99138 | Zot:5    | Gained mutation: You sometimes yell uncontrollably at your
                  | foes. [an orb of fire]
 99140 | Zot:5    | Gained mutation: You frequently scream uncontrollably at
                  | your foes. [an orb of fire]
 99141 | Zot:5    | Lost mutation: You are weak. (Str -2) [an orb of fire]
 99142 | Zot:5    | Gained mutation: Your body often deteriorates upon taking
                  | damage. [an orb of fire]
 99142 | Zot:5    | Gained mutation: Armour fits poorly on your strangely
                  | shaped body. [an orb of fire]
 99142 | Zot:5    | Gained mutation: You are very clumsy. (Dex -4) [an orb of
                  | fire]
 99143 | Zot:5    | Killed an orb of fire
 99143 | Zot:5    | Gained mutation: Your spells are a little easier to cast,
                  | but a little less powerful. [an orb of fire]
 99144 | Zot:5    | Killed a Killer Klown
 99144 | Zot:5    | Gained mutation: You are frail. (-10% HP) [an orb of fire]
 99145 | Zot:5    | Noticed an orb of fire
 99145 | Zot:5    | Lost mutation: Armour fits poorly on your strangely shaped
                  | body. [an orb of fire]
 99145 | Zot:5    | Gained mutation: You do not regenerate when monsters are
                  | visible. [an orb of fire]
 99146 | Zot:5    | Gained mutation: Your magical capacity is very low. (-20%
                  | MP) [an orb of fire]
 99146 | Zot:5    | HP: 9/253 [orb of fire/bolt of fire (18)]
 99146 | Zot:5    | Killed from afar by an orb of fire

Levels and vault maps discovered:
D:1:      minmay_arrival_solitary_statue, layout_rooms, palyth_stone_intersect,
          minmay_worlds_worst_comb
D:2:      layout_basic, nicolae_overflow_hidden_temple
D:3:      layout_basic, fedhas_altar_2, uniq_jessica
D:4:      layout_rooms, first_ration, nrook_mini_vaults, uniq_edmund
D:5:      layout_loops_cross, kennysheep_little_box, minmay_temple_entry_ruins
D:6:      layout_rooms, gammafunk_temple_overflow_wave, serial_shops,
          nicolae_shop_crystal
D:7:      layout_loops_cross, minmay_statues_item, grunt_gozag_breadcrumbs
D:8:      layout_cave_pods, basic_altar, grunt_livestock
D:9:      layout_small_grid, lair_entry_dummy
D:10:     hangedman_cross_veins, layout_loops_corners, uniq_grum, uniq_erolcha
D:11:     minmay_the_grid_3x2 [minmay_the_grid_tiny_cups, minmay_the_grid_paths,
          minmay_the_grid_broken_lines, minmay_the_grid_empty,
          minmay_the_grid_doors, minmay_the_grid_prize_four_corners_diamond_a],
          layout_loops_cross, orc_0_dummy, serial_shops, nicolae_shop_crystal
D:12:     layout_grid_maze, portal_ice_cave_entry_imps
D:13:     layout_cave_pools, hangedman_vaults_entry_quadrant_bands,
          lightli_church_of_beogh
D:14:     layout_small_grid, gauntlet_entry_generic,
          hangedman_abyss_or_decor_jellyfish_corner, lemuel_nasty_fountain
D:15:     hangedman_depths_entry_try_elsewhere_first, layout_loops_ring,
          gammafunk_ghost_hive, okawaru_ov_weapons_minmay, minmay_puff
Temple:   regret_index_temple_mists
Lair:1:   layout_gridlike, serial_bayou_shore_a
Lair:2:   layout_big_grid
Lair:3:   layout_regular_city, minmay_snake_entry_guardpost_medium,
          beast_lair_carwin_9, uniq_gastronok
Lair:4:   layout_regular_city, minmay_shoals_entry_centaurs
Lair:5:   layout_cave_pods, chequers_serial_rivers_marsh, uniq_josephine,
          uniq_sonja, uniq_rupert
Lair:6:   cheibrodos_lair_end_hotspot, layout_cave_pods,
          dpeg_slime_entry_enclosed_altar
Shoals:1: layout_shoals, uniq_aizul
Shoals:2: layout_shoals, serial_shops, shop
Shoals:3: layout_shoals, abandoned_shop, uniq_donald
Shoals:4: shoals_end_grunt_ice, layout_shoals, shoal_ilsuiw,
          nicolae_shoals_water_shrine, uniq_polyphemus, uniq_bai_suzhen
Snake:1:  layout_gridlike, basic_altar
Snake:2:  layout_chambers, serial_shops, shop, minmay_shop_star,
          serial_bayou_shore_b, uniq_nikola
Snake:3:  layout_concentric_octagons
Snake:4:  snake_pit, layout_grid_maze, basic_altar, uniq_louise
Orc:1:    layout_caves
Orc:2:    st_orc_congregation, layout_caves, ebering_ghost_reflecting_pool
Elf:1:    layout_loops_cross, minmay_elf_demonology, uniq_roxanne
Elf:2:    layout_geoelf_grid, minivault_5, minmay_shop_grove
Elf:3:    grunt_elf_hall_diamonds, layout_geoelf_grid, serial_shops, shop,
          nicolae_shop_behind_doors, nicolae_shop_statue_plus, special_room
          [special_room_mythical_zoo]
Vaults:1: nicolae_vaults_yaktaur_gun_rack, nicolae_vaults_what_the_h,
          nicolae_vaults_windows_and_doors_thing, grunt_vaults_funnel,
          nicolae_vaults_diagonal_hallway_7, ontoclasm_vaults_ring_large,
          v_misc_15, grunt_vaults_diagonal, vaults_room_ringed_pool,
          ontoclasm_vaults_ring_large, vaults_room_pools,
          layout_vaults_omnicross, nicolae_trove_entry_crossroad
Vaults:2: minmay_crypt_entry_simple_walls, v_misc_25, ontoclasm_vaults_hangar,
          dpeg_vaults_monster_box, nicolae_vaults_border_crossing,
          vaults_mumra_chevron_long, vaults_mumra_lcd, vaults_room_corners,
          layout_vaults_omnigrid, serial_shops, nicolae_shop_crystal
Vaults:3: nicolae_vaults_little_ls, nicolae_vaults_diagonal_hallway_9,
          vaults_room_corners, v_misc_13, hangedman_vaults_slice,
          ontoclasm_vaults_spin, nicolae_vaults_little_squares_1,
          vaults_room_door_ring, layout_vaults_big_room, uniq_asterion
Vaults:4: v_pattern_1, nicolae_vaults_network_periphery, v_misc_5,
          nicolae_vaults_puzzle_piece, ontoclasm_vaults_idyll,
          vaults_dpeg_diagonal, ontoclasm_vaults_eye, v_misc_18,
          ontoclasm_vaults_ligature, vaults_room_pools, nicolae_vaults_asterisk,
          v_misc_25, nicolae_vaults_theta, layout_vaults_ring, uniq_boris
Vaults:5
Crypt:1:  layout_chaotic_city, uniq_margery
Crypt:2:  layout_gridlike
Crypt:3:  david_glass_crypt, layout_misc_corridors, tomb_entry_sphere_bobbens
Depths:1: layout_forbidden_donut, lightli_too_deep, pan_entry, abyss_entry,
          minivault_1, ice2_lemuel
Depths:2: grunt_profane_halls [grunt_profane_temple_coc,
          grunt_profane_temple_geh, grunt_profane_temple_dis,
          grunt_profane_temple_tar, grunt_profane_loot], abyss_entry, hell_entry
Depths:3: evilmike_marble_ring, layout_basic, hangedman_abyss_or_decor_slice,
          grunt_hell_entry_dis_grunt, grunt_pan_entry_zigzag, serial_glass,
          glass_columns_b, glass_columns_a, infiniplex_staircase_pool_2
Depths:4: grunt_twisty_corner, layout_gridville, enter_ziggurat_c, pan_entry,
          abyss_entry, chequers_serial_rivers_micro_d, hangedman_coc_ice_floe,
          serial_bayou_crossing, minmay_staircase_bubble
Depths:5: grunt_crosshair, layout_gridlike, hell_entry,
          chequers_serial_rivers_small_3, abyss_entry
Zot:1:    layout_twisted_circle
Zot:2:    layout_gridlike, hangedman_zot_diagonal_lockstep, zot_minivault_1
Zot:3:    gammafunk_sealed_arena, layout_cathedral_of_symmetry,
          lemuel_lich_library
Zot:4:    minmay_elemental_castle, layout_cathedral_of_symmetry
Zot:5:    layout_basic

Skill      XL: |  1  2  3  4  5  6  7  8  9 10 11 12 13 14 15 16 17 18 19 20 21 22 23 24 25 26 27 |
---------------+----------------------------------------------------------------------------------+-----
Fighting       | 1 2 3 4 5 6 7 8 9 10 11 12 13 14 15 18 | 18.0
Earth Magic    | 4 5 6 7 8 10 11 12 13 14 15 16 17 18 20 | 20.7
Dodging        | 2 3 5 6 7 8 10 | 10.0
Spellcasting   | 3 4 6 7 8 9 10 11 12 13 14 15 17 | 17.6
Conjurations   | 1 2 3 4 5 6 7 8 9 10 13 | 13.4
Stealth        | 3 4 5 6 7 9 10 | 10.8
Shields        | 1 2 4 7 9 10 11 12 13 14 15 | 15.0
Transmutations | 2 3 5 6 7 8 9 10 | 10.0
Evocations     | 2 3 5 6 7 8 9 10 11 12 13 16 | 16.0
Invocations    | 2 3 5 6 7 8 9 10 11 12 13 14 15 | 15.0
Armour         | 3 4 5 6 7 8 9 10 | 10.0
Summonings     | 2 4 5 6 7 8 9 10 11 12 13 | 13.5
Necromancy     | 2 4 5 6 7 8 9 10 | 10.0
Air Magic      | 2 3 4 5 6 7 9 |  9.0
Hexes          | 4 6 7 8 9 |  9.0
Fire Magic     | 4 5 |  5.0
Translocations | 1 3 5 6 8 9 11 | 11.7
Charms         | 4 6 7 8 9 10 | 10.0

Action                   |  1- 3 |  4- 6 |  7- 9 | 10-12 | 13-15 | 16-18 | 19-21 | 22-24 | 25-27 || total
-------------------------+-------+-------+-------+-------+-------+-------+-------+-------+-------++-------
Melee: Unarmed           |     4 |       |       |       |       |       |       |       |       ||     4
       Dagger            |    10 |       |       |       |       |     4 |       |       |       ||    14
       Spear             |    39 |    37 |       |       |       |       |       |       |       ||    76
       Short sword       |       |    20 |    47 |    83 |     7 |       |       |       |       ||   157
       Scimitar          |       |       |       |       |   213 |   132 |     1 |    18 |    60 ||   424
Throw: Stone             |     5 |     1 |     2 |       |       |    38 |    27 |     2 |       ||    75
       Dart              |       |    60 |    64 |    99 |   177 |    13 |       |       |       ||   413
 Cast: Sandblast         |    24 |    27 |    67 |   110 |    70 |     6 |     1 |       |       ||   305
       Stone Arrow       |       |    23 |    63 |   149 |   502 |   292 |    59 |       |       ||  1088
       Sticks to Snakes  |       |       |    11 |    44 |    47 |    11 |    15 |     6 |     2 ||   136
       Lee's Rapid Decon |       |       |       |    12 |    43 |   131 |   259 |   546 |   131 ||  1122
       Borgnjor's Vile C |       |       |       |       |    40 |   161 |   126 |    75 |   153 ||   555
       Petrify           |       |       |       |       |     1 |     3 |       |       |       ||     4
       Yara's Violent Un |       |       |       |       |       |    19 |     9 |    19 |     4 ||    51
       Fireball          |       |       |       |       |       |    25 |   148 |       |       ||   173
       Summon Lightning  |       |       |       |       |       |       |     3 |     1 |     2 ||     6
       Deflect Missiles  |       |       |       |       |       |       |     1 |     3 |    12 ||    16
       Apportation       |       |       |       |       |       |       |     1 |     2 |    26 ||    29
       Bolt of Draining  |       |       |       |       |       |       |       |    46 |    25 ||    71
       Statue Form       |       |       |       |       |       |       |       |    15 |   305 ||   320
       Malign Gateway    |       |       |       |       |       |       |       |       |    86 ||    86
       Iron Shot         |       |       |       |       |       |       |       |       |   413 ||   413
       Passwall          |       |       |       |       |       |       |       |       |     3 ||     3
       Summon Mana Viper |       |       |       |       |       |       |       |       |     2 ||     2
Invok: Slouch            |       |       |       |       |     4 |     1 |     5 |     6 |    33 ||    49
       Step From Time    |       |       |       |       |       |       |       |     1 |     1 ||     2
       Temporal Distorti |       |       |       |       |       |       |       |       |     1 ||     1
 Abil: Dig               |       |     1 |     1 |     1 |    21 |    18 |     3 |       |    14 ||    59
Evoke: Wand              |       |       |     1 |     3 |     9 |    14 |     2 |    10 |    23 ||    62
       Lightning rod     |       |       |       |       |     4 |    10 |    14 |    17 |       ||    45
       Phantom mirror    |       |       |       |       |     1 |       |       |       |       ||     1
       Fan of gales      |       |       |       |       |       |       |     2 |     1 |     2 ||     5
       Phial of floods   |       |       |       |       |       |       |     2 |     3 |     4 ||     9
       Sack of spiders   |       |       |       |       |       |       |       |     1 |     1 ||     2
  Use: Potion            |     1 |     2 |       |       |     1 |     1 |       |     3 |    10 ||    18
       Scroll            |     1 |     1 |     7 |     6 |    14 |    17 |    18 |     7 |    17 ||    88
 Stab: Sleeping          |     7 |     3 |     3 |     5 |       |       |       |       |       ||    18
       Distracted        |       |       |     1 |       |     2 |       |       |       |       ||     3
       Confused          |       |       |       |       |     1 |       |       |       |       ||     1
       Petrified         |       |       |       |       |     5 |     3 |       |       |       ||     8
  Eat: Chunk             |     1 |    13 |    16 |     9 |    24 |    13 |    16 |     9 |    13 ||   114
       Ration            |       |       |     1 |     1 |     3 |     6 |     1 |     4 |    10 ||    26
Armor: Robe              |     7 |     8 |    11 |    16 |       |       |       |       |       ||    42
       Skin              |       |     2 |       |       |       |       |       |    61 |   324 ||   387
       Troll leather arm |       |       |       |    13 |    63 |    63 |    24 |    16 |    14 ||   193
       Leather armour    |       |       |       |       |       |       |     4 |       |       ||     4
Dodge: Dodged            |    31 |    34 |    88 |   161 |   374 |   224 |    96 |   106 |   550 ||  1664
       Deflected         |       |       |       |       |       |       |     9 |    28 |   106 ||   143
Block: Buckler           |       |       |     6 |    32 |       |       |       |       |       ||    38
       Shield            |       |       |       |    44 |   402 |   108 |       |       |       ||   554
       Large shield      |       |       |       |       |       |   380 |   243 |   406 |  1185 ||  2214
       Reflection        |       |       |       |       |       |   105 |    72 |    55 |   137 ||   369
       Rpst.: Scimitar   |       |       |       |       |    90 |    30 |       |     1 |     6 ||   127

Table legend:
 A = Non-vault XP
 B = Vault XP
 C = Vault XP percentage of total XP
 D = Non-vault monster count
 E = Vault monster count
 F = Vault count percentage of total count
                 A         B        C        D         E       F
            +---------+---------+-------+---------+---------+-------
      Total |  718214 |  840281 |  53.9 |    1511 |     967 |  39.0
            +---------+---------+-------+---------+---------+-------
        D:1 |      38 |       8 |  17.4 |      23 |       4 |  14.8
        D:2 |      68 |       0 |   0.0 |      23 |       0 |   0.0
        D:3 |     389 |      37 |   8.7 |      35 |       1 |   2.8
        D:4 |     204 |     142 |  41.0 |      10 |       1 |   9.1
        D:5 |     696 |       0 |   0.0 |      22 |       0 |   0.0
        D:6 |     319 |       0 |   0.0 |      15 |       0 |   0.0
        D:7 |    1002 |       0 |   0.0 |      19 |       0 |   0.0
        D:8 |    1807 |     980 |  35.2 |      24 |       5 |  17.2
        D:9 |    3674 |       0 |   0.0 |      34 |       0 |   0.0
       D:10 |    2560 |    6600 |  72.1 |      31 |      25 |  44.6
       D:11 |    3653 |    6821 |  65.1 |      22 |      20 |  47.6
       D:12 |    8030 |     123 |   1.5 |      48 |      12 |  20.0
       D:13 |    5925 |    7958 |  57.3 |      21 |      35 |  62.5
       D:14 |    6820 |       0 |   0.0 |      22 |       0 |   0.0
       D:15 |    9514 |    8698 |  47.8 |      32 |      21 |  39.6
     Lair:1 |    5185 |       0 |   0.0 |      27 |       0 |   0.0
     Lair:2 |    3592 |       0 |   0.0 |      13 |       0 |   0.0
     Lair:3 |    5363 |    3660 |  40.6 |      23 |      11 |  32.4
     Lair:4 |   11942 |     566 |   4.5 |      33 |       5 |  13.2
     Lair:5 |    6580 |    3805 |  36.6 |      26 |       8 |  23.5
     Lair:6 |    8125 |    7656 |  48.5 |      33 |      25 |  43.1
   Shoals:1 |    6576 |    1569 |  19.3 |      15 |       1 |   6.2
   Shoals:2 |    5209 |       0 |   0.0 |      13 |       0 |   0.0
   Shoals:3 |   10129 |    3571 |  26.1 |      16 |       4 |  20.0
   Shoals:4 |   13040 |   43196 |  76.8 |      20 |      50 |  71.4
    Snake:1 |    3983 |       0 |   0.0 |       6 |       0 |   0.0
    Snake:2 |   17047 |    4248 |  19.9 |      37 |       1 |   2.6
    Snake:3 |   11383 |       0 |   0.0 |      18 |       0 |   0.0
    Snake:4 |   23169 |   33953 |  59.4 |      44 |      48 |  52.2
      Orc:1 |    3373 |       0 |   0.0 |      29 |       0 |   0.0
      Orc:2 |     762 |   11879 |  94.0 |      16 |      57 |  78.1
      Elf:1 |   22929 |    6285 |  21.5 |      35 |       7 |  16.7
      Elf:2 |   18379 |   19632 |  51.6 |      29 |      25 |  46.3
      Elf:3 |   12092 |   54716 |  81.9 |      25 |      52 |  67.5
   Vaults:1 |   23344 |   12251 |  34.4 |      48 |      19 |  28.4
   Vaults:2 |   23578 |   17522 |  42.6 |      37 |      22 |  37.3
   Vaults:3 |   28582 |   11499 |  28.7 |      61 |      12 |  16.4
   Vaults:4 |   48903 |   25962 |  34.7 |      75 |      39 |  34.2
   Vaults:5 |   35513 |   99024 |  73.6 |      53 |      84 |  61.3
    Crypt:1 |   27063 |   10248 |  27.5 |      43 |       8 |  15.7
    Crypt:2 |   37461 |       0 |   0.0 |      54 |       0 |   0.0
    Crypt:3 |   35099 |   45726 |  56.6 |      53 |      27 |  33.8
   Depths:1 |   26952 |    7730 |  22.3 |      43 |      21 |  32.8
   Depths:2 |       0 |   99443 | 100.0 |       0 |     127 | 100.0
   Depths:3 |   39087 |   28253 |  42.0 |      54 |      31 |  36.5
   Depths:4 |   19137 |   92686 |  82.9 |      25 |      53 |  67.9
   Depths:5 |   50759 |   24169 |  32.3 |      60 |      15 |  20.0
      Zot:1 |   46972 |    4883 |   9.4 |      35 |       3 |   7.9
      Zot:2 |   11011 |   12595 |  53.4 |       7 |      10 |  58.8
      Zot:3 |    2109 |       0 |   0.0 |       1 |       0 |   0.0
      Zot:5 |   29087 |  107793 |  78.8 |      23 |      36 |  61.0
      IceCv |       0 |    9893 | 100.0 |       0 |      36 | 100.0
   Gauntlet |       0 |    4501 | 100.0 |       0 |       6 | 100.0
            +---------+---------+-------+---------+---------+-------

Levels and vault maps discovered:
D:1:      minmay_arrival_solitary_statue, layout_rooms, palyth_stone_intersect,
          minmay_worlds_worst_comb
D:2:      layout_basic, nicolae_overflow_hidden_temple
D:3:      layout_basic, fedhas_altar_2, uniq_jessica
D:4:      layout_rooms, first_ration, nrook_mini_vaults, uniq_edmund
D:5:      layout_loops_cross, kennysheep_little_box, minmay_temple_entry_ruins
D:6:      layout_rooms, gammafunk_temple_overflow_wave, serial_shops,
          nicolae_shop_crystal
D:7:      layout_loops_cross, minmay_statues_item, grunt_gozag_breadcrumbs
D:8:      layout_cave_pods, basic_altar, grunt_livestock
D:9:      layout_small_grid, lair_entry_dummy
D:10:     hangedman_cross_veins, layout_loops_corners, uniq_grum, uniq_erolcha
D:11:     minmay_the_grid_3x2 [minmay_the_grid_tiny_cups, minmay_the_grid_paths,
          minmay_the_grid_broken_lines, minmay_the_grid_empty,
          minmay_the_grid_doors, minmay_the_grid_prize_four_corners_diamond_a],
          layout_loops_cross, orc_0_dummy, serial_shops, nicolae_shop_crystal
D:12:     layout_grid_maze, portal_ice_cave_entry_imps
D:13:     layout_cave_pools, hangedman_vaults_entry_quadrant_bands,
          lightli_church_of_beogh
D:14:     layout_small_grid, gauntlet_entry_generic,
          hangedman_abyss_or_decor_jellyfish_corner, lemuel_nasty_fountain
D:15:     hangedman_depths_entry_try_elsewhere_first, layout_loops_ring,
          gammafunk_ghost_hive, okawaru_ov_weapons_minmay, minmay_puff
Temple:   regret_index_temple_mists
Lair:1:   layout_gridlike, serial_bayou_shore_a
Lair:2:   layout_big_grid
Lair:3:   layout_regular_city, minmay_snake_entry_guardpost_medium,
          beast_lair_carwin_9, uniq_gastronok
Lair:4:   layout_regular_city, minmay_shoals_entry_centaurs
Lair:5:   layout_cave_pods, chequers_serial_rivers_marsh, uniq_josephine,
          uniq_sonja, uniq_rupert
Lair:6:   cheibrodos_lair_end_hotspot, layout_cave_pods,
          dpeg_slime_entry_enclosed_altar
Shoals:1: layout_shoals, uniq_aizul
Shoals:2: layout_shoals, serial_shops, shop
Shoals:3: layout_shoals, abandoned_shop, uniq_donald
Shoals:4: shoals_end_grunt_ice, layout_shoals, shoal_ilsuiw,
          nicolae_shoals_water_shrine, uniq_polyphemus, uniq_bai_suzhen
Snake:1:  layout_gridlike, basic_altar
Snake:2:  layout_chambers, serial_shops, shop, minmay_shop_star,
          serial_bayou_shore_b, uniq_nikola
Snake:3:  layout_concentric_octagons
Snake:4:  snake_pit, layout_grid_maze, basic_altar, uniq_louise
Orc:1:    layout_caves
Orc:2:    st_orc_congregation, layout_caves, ebering_ghost_reflecting_pool
Elf:1:    layout_loops_cross, minmay_elf_demonology, uniq_roxanne
Elf:2:    layout_geoelf_grid, minivault_5, minmay_shop_grove
Elf:3:    grunt_elf_hall_diamonds, layout_geoelf_grid, serial_shops, shop,
          nicolae_shop_behind_doors, nicolae_shop_statue_plus, special_room
          [special_room_mythical_zoo]
Vaults:1: nicolae_vaults_yaktaur_gun_rack, nicolae_vaults_what_the_h,
          nicolae_vaults_windows_and_doors_thing, grunt_vaults_funnel,
          nicolae_vaults_diagonal_hallway_7, ontoclasm_vaults_ring_large,
          v_misc_15, grunt_vaults_diagonal, vaults_room_ringed_pool,
          ontoclasm_vaults_ring_large, vaults_room_pools,
          layout_vaults_omnicross, nicolae_trove_entry_crossroad
Vaults:2: minmay_crypt_entry_simple_walls, v_misc_25, ontoclasm_vaults_hangar,
          dpeg_vaults_monster_box, nicolae_vaults_border_crossing,
          vaults_mumra_chevron_long, vaults_mumra_lcd, vaults_room_corners,
          layout_vaults_omnigrid, serial_shops, nicolae_shop_crystal
Vaults:3: nicolae_vaults_little_ls, nicolae_vaults_diagonal_hallway_9,
          vaults_room_corners, v_misc_13, hangedman_vaults_slice,
          ontoclasm_vaults_spin, nicolae_vaults_little_squares_1,
          vaults_room_door_ring, layout_vaults_big_room, uniq_asterion
Vaults:4: v_pattern_1, nicolae_vaults_network_periphery, v_misc_5,
          nicolae_vaults_puzzle_piece, ontoclasm_vaults_idyll,
          vaults_dpeg_diagonal, ontoclasm_vaults_eye, v_misc_18,
          ontoclasm_vaults_ligature, vaults_room_pools, nicolae_vaults_asterisk,
          v_misc_25, nicolae_vaults_theta, layout_vaults_ring, uniq_boris
Vaults:5
Crypt:1:  layout_chaotic_city, uniq_margery
Crypt:2:  layout_gridlike
Crypt:3:  david_glass_crypt, layout_misc_corridors, tomb_entry_sphere_bobbens
Depths:1: layout_forbidden_donut, lightli_too_deep, pan_entry, abyss_entry,
          minivault_1, ice2_lemuel
Depths:2: grunt_profane_halls [grunt_profane_temple_coc,
          grunt_profane_temple_geh, grunt_profane_temple_dis,
          grunt_profane_temple_tar, grunt_profane_loot], abyss_entry, hell_entry
Depths:3: evilmike_marble_ring, layout_basic, hangedman_abyss_or_decor_slice,
          grunt_hell_entry_dis_grunt, grunt_pan_entry_zigzag, serial_glass,
          glass_columns_b, glass_columns_a, infiniplex_staircase_pool_2
Depths:4: grunt_twisty_corner, layout_gridville, enter_ziggurat_c, pan_entry,
          abyss_entry, chequers_serial_rivers_micro_d, hangedman_coc_ice_floe,
          serial_bayou_crossing, minmay_staircase_bubble
Depths:5: grunt_crosshair, layout_gridlike, hell_entry,
          chequers_serial_rivers_small_3, abyss_entry
Zot:1:    layout_twisted_circle
Zot:2:    layout_gridlike, hangedman_zot_diagonal_lockstep, zot_minivault_1
Zot:3:    gammafunk_sealed_arena, layout_cathedral_of_symmetry,
          lemuel_lich_library
Zot:4:    minmay_elemental_castle, layout_cathedral_of_symmetry
Zot:5:    layout_basic
